Map: Kairos Junction LE

Players

StormzBG - Winner!

  • Race: Zerg Zerg
  • League: Gold
  • Spawn Location: 5:00

Filosa

  • Race: Terran Terran
  • League: Gold
  • Spawn Location: 11:00

VOD

Have the link to the VOD?

Description

ZvT
senpai please teach me to zerg!
<3 <3 <3 <3 <3 <3 <3 <3 <3 <3

Time

  • Played on: Feb. 28, 2019, 12:08 p.m.
  • Length: 37:10
Show
View Real Time Build Order
Export as new Build Order

StormzBG Zerg - Winner!

Build Orders: Pool First, Zergling Baneling 

Get SALT Encoding   

  12  0:01  Drone  
  13  0:14  Extractor  
  12  0:15  Extractor, Drone  
  12  0:17  Drone  
  13  0:22  Drone  
  14  0:31  Overlord  
  14  0:55  Spawning Pool, Drone  
  14  1:05  Drone x2  
  16  1:13  Drone  
  17  1:20  Drone  
  18  1:32  Drone  
  19  1:43  Metabolic Boost, Queen  
  21  1:49  Zergling x2  
  22  1:59  Overlord  
  22  2:18  Zergling x4  
  24  2:23  Hatchery  
  24  2:28  Drone  
  24  2:35  Baneling Nest  
  24  2:36  Zergling x2  
  24  2:46  Overlord  
  24  3:00  Zergling x8  
  28  3:12  Zergling x2  
  29  3:15  Lair  
  29  3:28  Baneling  
  29  3:29  Baneling x5  
  29  3:30  Zergling x2  
  29  3:31  Zergling x2  
  31  3:37  Overlord  
  28  3:55  Zergling x10  
  27  4:14  Zergling x6  
  28  4:19  Queen  
  30  4:28  Zergling x4  
  32  4:34  Baneling x4  
  32  4:36  Baneling  
  32  4:39  Baneling  
  32  4:44  Zergling x2  
  32  4:45  Zergling x2  
  34  4:49  Zergling x2  
  32  5:08  Zergling x4  
  32  5:09  Nydus Network  
  32  5:12  Drone  
  34  5:14  Drone  
  35  5:27  Drone  
  36  5:29  Drone  
  37  5:54  Nydus Canal  
  37  6:05  Zergling x8  
  37  6:06  Zergling x14  
  36  6:33  Zergling x8  
  36  6:34  Zergling x2  
  21  7:12  Zergling x6  
  21  7:13  Zergling x10  
  27  7:20  Spore Crawler  
  26  7:37  Nydus Canal  
  26  7:48  Drone x3  
  26  7:49  Drone x2  
  26  7:50  Drone  
  31  8:17  Queen  
  31  8:18  Zergling x4  
  35  8:26  Drone  
  35  8:27  Drone x3  
  38  8:28  Drone  
  39  9:00  Drone x2  
  39  9:01  Drone  
  39  9:02  Drone x3  
  45  9:13  Overlord  
  45  9:14  Hatchery  
  44  9:23  Hatchery  
  43  9:30  Nydus Canal  
  43  9:36  Drone x3  
  43  9:37  Drone x2  
  48  9:51  Spire  
  47  9:53  Overseer  
  47  9:54  Pneumatized Carapace  
  47  9:56  Drone x3  
  47  9:57  Drone  
  51  10:14  Overlord x2  
  51  10:15  Overlord x2  
  51  10:28  Nydus Canal  
  42  10:46  Overseer  
  42  10:47  Overseer  
  42  10:52  Infestation Pit  
  41  10:59  Roach Warren, Zergling x10  
  41  11:00  Zergling x8  
  41  11:01  Zergling x6  
  41  11:02  Zergling x4  
  54  11:05  Drone  
  54  11:06  Drone x2  
  54  11:07  Drone x3  
  54  11:09  Queen  
  54  11:10  Queen  
  64  11:13  Zergling x4  
  66  11:33  Nydus Canal  
  66  11:37  Drone  
  66  11:38  Drone x4  
  66  11:39  Drone x2  
  73  11:40  Drone x3  
  73  11:44  Extractor  
  73  11:46  Extractor  
  74  11:53  Infestor  
  74  11:54  Infestor  
  76  11:56  Zergling x6  
  76  11:57  Zergling x2  
  82  12:01  Extractor  
  82  12:02  Extractor  
  80  12:17  Overlord x3  
  80  12:26  Drone  
  80  12:27  Zergling x10  
  80  12:28  Zergling x4  
  88  12:35  Evolution Chamber  
  87  12:37  Evolution Chamber  
  87  12:42  Mutalisk x3  
  87  12:43  Zergling x6  
  87  12:44  Zergling x8  
  101  12:58  Roach x2  
  101  12:59  Roach x6  
  93  13:34  Roach x3  
  93  13:35  Roach x2, Zergling x8  
  93  13:36  Zergling x2  
  93  13:39  Zergling x4  
  110  13:50  Drone  
  110  13:51  Drone  
  112  14:11  Roach x4  
  112  14:15  Zerg Ground Armor Level 1  
  120  14:17  Zerg Melee Weapons Level 1  
  120  14:20  Overlord x4  
  120  14:21  Overlord x4  
  120  14:55  Nydus Canal  
  120  15:01  Roach x4  
  120  15:02  Roach x7  
  120  15:03  Roach x3  
  148  15:15  Roach x4  
  156  15:33  Overlord x3  
  156  15:38  Roach x5  
  156  15:40  Roach x2  
  156  15:41  Roach x3  
  137  15:58  Roach x3  
  137  15:59  Roach x6  
  133  16:12  Ravager x3  
  133  16:13  Ravager x2  
  133  16:14  Ravager  
  139  16:19  Extractor  
  139  16:20  Drone x2, Zergling x2  
  139  16:21  Zergling x8  
  139  16:22  Extractor  
  144  16:30  Zergling x10  
  149  16:45  Ravager  
  149  16:46  Ravager  
  151  16:47  Ravager  
  151  16:53  Zergling x14  
  151  16:54  Zergling x2  
  160  17:06  Zergling x12  
  156  17:26  Zergling x4  
  156  17:27  Zergling x12  
  164  17:38  Hive  
  125  18:11  Zergling x8  
  125  18:12  Zergling x16  
  117  18:13  Zergling x8  
  104  18:21  Zergling x2  
  104  18:22  Zergling x12  
  105  18:28  Ravager x5  
  110  18:36  Zergling x2  
  110  18:37  Zergling x12  
  91  19:19  Zergling x8  
  91  19:20  Zergling x18  
  91  19:21  Overlord, Zergling x8  
  91  19:22  Overlord, Zergling x8  
  91  19:23  Zergling x2  
  100  19:39  Zergling x8  
  100  19:43  Zergling x4  
  106  19:47  Zerg Ground Armor Level 2, Zerg Missile Weapons Level 1  
  86  20:09  Zergling x14  
  86  20:10  Zergling x4  
  93  20:19  Adrenal Glands  
  93  20:20  Zergling x2  
  93  20:21  Zergling x14  
  92  20:24  Overseer  
  92  20:25  Overseer  
  89  20:31  Zergling x6  
  92  20:36  Zergling x2  
  92  20:37  Zergling x2  
  73  21:22  Zergling x14  
  73  21:23  Zergling x12  
  73  21:25  Zergling x2  
  83  21:26  Zergling x2  
  84  21:42  Corruptor x2  
  88  22:14  Drone x4  
  92  22:22  Hatchery  
  91  22:33  Hatchery  
  87  22:38  Corruptor x2  
  87  22:41  Zergling x2  
  87  22:42  Zergling x14  
  87  22:43  Zergling x6  
  102  23:02  Corruptor x2  
  102  23:03  Zergling x6  
  102  23:04  Zergling x10  
  102  23:05  Drone  
  115  23:21  Zergling x6  
  115  23:22  Zergling x10  
  123  23:39  Roach x4  
  114  23:57  Zergling x2  
  114  23:58  Zergling x12  
  114  23:59  Zergling x10  
  101  24:18  Zergling x14  
  101  24:19  Zergling x6  
  99  24:29  Zergling x8  
  99  24:30  Zergling x18  
  98  24:31  Zergling x2  
  91  24:39  Zergling x6  
  90  24:46  Zergling x6  
  90  24:47  Zergling x8  
  90  24:50  Roach x2  
  84  25:18  Roach x5  
  84  25:19  Zergling x12  
  84  25:20  Zergling x10  
  102  25:36  Drone x6  
  108  25:58  Roach x3, Zergling x4  
  108  25:59  Zergling x12  
  114  26:23  Hatchery  
  114  26:24  Nydus Canal  
  90  26:30  Zergling x6  
  90  26:31  Zergling x14  
  90  26:32  Zergling x14  
  103  26:33  Zergling x8  
  107  26:46  Extractor  
  106  26:48  Extractor  
  105  26:56  Zergling x8  
  105  26:57  Zergling x12  
  115  27:06  Queen  
  115  27:08  Queen  
  117  27:12  Zergling x6  
  117  27:13  Zergling x4  
  124  27:35  Roach  
  124  27:36  Roach x7  
  124  27:37  Roach x6  
  144  27:38  Roach x3  
  144  27:43  Zerg Ground Armor Level 3  
  158  27:44  Zerg Missile Weapons Level 2  
  158  27:51  Glial Reconstitution  
  158  27:55  Roach x3  
  158  27:56  Roach x3  
  170  28:09  Nydus Canal  
  127  28:33  Roach x7  
  127  28:34  Roach x6  
  129  28:35  Roach x2  
  128  28:45  Greater Spire  
  100  29:00  Corruptor x2  
  100  29:01  Zergling x6  
  100  29:02  Zergling x10  
  112  29:09  Overseer, Tunneling Claws  
  112  29:10  Overseer  
  112  29:23  Queen  
  114  29:25  Zergling x14  
  114  29:26  Zergling x14  
  114  29:27  Zergling x4  
  129  29:35  Zergling x14  
  129  29:36  Zergling x6  
  139  29:41  Corruptor x2  
  139  29:42  Corruptor  
  128  29:59  Zergling x8  
  107  30:00  Drone  
  107  30:01  Drone x7  
  107  30:02  Drone x5  
  120  30:13  Zergling x2  
  120  30:14  Zergling x12  
  127  30:26  Extractor  
  126  30:28  Extractor  
  126  30:30  Zergling x8  
  126  30:31  Zergling x4  
  126  30:32  Zergling x4  
  133  30:44  Extractor  
  133  30:45  Extractor  
  131  31:02  Zergling x4  
  131  31:03  Zergling x16  
  131  31:04  Zergling x6  
  144  31:14  Zergling x4  
  144  31:15  Zergling x8  
  144  31:17  Overlord  
  149  31:43  Brood Lord  
  149  31:45  Brood Lord  
  153  31:47  Brood Lord x3  
  153  31:48  Brood Lord  
  161  31:54  Corruptor  
  161  31:55  Corruptor  
  161  32:01  Zergling x14  
  169  32:02  Overlord, Zergling x6  
  169  32:03  Zergling x8  
  169  32:04  Zergling x2  
  180  32:29  Corruptor x5  
  190  32:49  Corruptor x4  
  156  33:03  Corruptor x2  
  157  33:08  Overseer  
  157  33:21  Corruptor x2  
  157  33:23  Hatchery, Corruptor  
  162  33:46  Corruptor x3  
  162  33:47  Zergling x12  
  162  33:48  Zergling x12  
  170  34:14  Zergling x4  
  170  34:15  Zergling x14  
  170  34:16  Zergling x2  
  159  34:25  Zergling x10  
  128  34:46  Zergling x16  
  128  34:47  Zergling x4  
  130  34:56  Brood Lord  
  130  34:58  Brood Lord  
  131  35:00  Brood Lord  
  131  35:01  Corruptor x2  
  131  35:02  Corruptor x3  
  131  35:05  Zergling x6  
  131  35:06  Zergling x4  
  133  35:25  Zergling x8  
  133  35:26  Zergling x12  
  143  35:35  Zergling x10  
  147  35:42  Brood Lord x2  
  141  35:47  Zergling x4  
  141  35:48  Zergling x6  
  137  36:06  Brood Lord  
  137  36:07  Brood Lord  
  137  36:08  Zergling x2  
  137  36:09  Zergling x14  
  137  36:10  Zergling x2  
  148  36:18  Brood Lord  
  145  36:20  Brood Lord x2  
  145  36:21  Zergling x2  
  145  36:22  Zergling x10  
  149  36:31  Brood Lord  
  149  36:32  Corruptor x5  
Show
View Real Time Build Order
Export as new Build Order

Filosa Terran 

Build Orders:  

Get SALT Encoding   

  12  0:02  SCV  
  13  0:14  SCV  
  14  0:21  Supply Depot  
  14  0:26  SCV  
  15  0:35  Refinery  
  15  0:43  SCV  
  15  0:47  Barracks  
  16  0:55  SCV  
  17  1:07  SCV  
  18  1:19  SCV  
  19  1:31  SCV  
  20  1:32  Supply Depot  
  20  1:43  Marine, Factory  
  21  1:49  SCV  
  22  1:54  Supply Depot  
  21  2:01  Marine, SCV  
  23  2:10  Refinery  
  23  2:13  SCV  
  24  2:19  Marine  
  25  2:29  Factory Tech Lab  
  25  2:34  Starport  
  25  2:35  SCV  
  26  2:37  Marine  
  26  2:42  Barracks  
  27  2:47  SCV  
  28  2:55  Marine  
  29  2:59  SCV  
  30  3:11  Siege Tank  
  32  3:12  Marine  
  33  3:30  Marine, Command Center  
  34  3:36  Medivac  
  31  4:04  Supply Depot  
  31  4:07  Orbital Command  
  31  4:09  Liberator  
  31  4:17  Supply Depot  
  31  4:26  Marine x2, Siege Tank  
  39  4:39  Supply Depot  
  39  4:41  SCV  
  39  4:43  Marine  
  41  4:51  Engineering Bay  
  41  4:53  Marine  
  42  5:01  Marine  
  42  5:04  Hellion  
  45  5:10  Marine  
  46  5:19  Marine  
  47  5:28  Marine  
  47  5:33  Liberator  
  48  5:46  Marine  
  48  5:49  Marine  
  50  5:52  Siege Tank  
  56  6:04  Marine  
  56  6:06  Marine  
  53  6:22  Marine  
  53  6:24  Siege Tank  
  53  6:33  Medivac  
  50  6:40  Marine  
  35  6:58  Marine  
  27  7:11  Siege Tank  
  30  7:15  Marine  
  30  7:17  Marine  
  32  7:33  Marine  
  32  7:34  Marine  
  34  7:46  Siege Tank  
  37  7:51  Marine  
  37  7:52  Marine  
  39  8:09  Marine  
  40  8:15  Marine  
  40  8:18  Siege Tank  
  44  8:27  Marine  
  44  8:33  Marine  
  46  8:44  Marine  
  47  8:50  Siege Tank  
  50  9:11  SCV  
  51  9:22  Siege Tank  
  51  9:23  SCV  
  56  9:33  Planetary Fortress  
  56  9:35  SCV  
  56  9:38  Starport Tech Lab  
  56  9:40  Command Center  
  56  9:47  SCV  
  57  9:59  SCV  
  58  10:06  Siege Tank  
  61  10:07  Marine x2  
  61  10:11  SCV  
  61  10:12  SCV  
  65  10:23  SCV  
  65  10:24  SCV  
  65  10:25  Marine x2  
  65  10:27  Refinery  
  69  10:32  Refinery  
  70  10:35  SCV  
  70  10:51  Marine, SCV  
  70  10:55  Supply Depot  
  70  10:56  Supply Depot  
  72  11:03  Marine, SCV  
  74  11:04  Raven  
  74  11:06  SCV  
  74  11:09  Marine  
  78  11:11  Supply Depot  
  78  11:15  SCV  
  79  11:18  Supply Depot  
  79  11:20  Marine  
  80  11:27  Marine  
  80  11:28  SCV  
  82  11:40  SCV  
  82  11:44  Marine  
  84  11:47  Viking  
  84  11:52  SCV  
  87  11:55  Siege Tank  
  90  12:02  Marine  
  90  12:04  SCV  
  90  12:06  Engineering Bay  
  92  12:16  SCV  
  92  12:17  Viking, SCV  
  92  12:20  Marine  
  97  12:28  SCV  
  98  12:40  SCV  
  99  12:52  Supply Depot  
  99  12:53  Supply Depot  
  99  13:02  Marine x2  
  99  13:03  Missile Turret  
  101  13:20  Marine x2  
  101  13:24  Missile Turret  
  103  13:37  Marine  
  104  13:41  Marine  
  104  13:44  Siege Tank  
  108  13:55  Marine  
  110  14:02  Missile Turret  
  110  14:05  Missile Turret  
  110  14:08  Missile Turret  
  110  14:09  Barracks  
  110  14:11  Barracks Tech Lab  
  110  14:13  Marine  
  110  14:17  Siege Tank  
  113  14:20  Starport  
  113  14:24  SCV, Missile Turret  
  113  14:27  SCV  
  113  14:28  Missile Turret  
  113  14:31  Marine  
  115  14:37  SCV  
  117  14:40  SCV  
  118  14:47  Missile Turret  
  118  14:49  Marine, Armory, SCV  
  118  14:52  Missile Turret, SCV  
  121  14:56  Terran Infantry Weapons Level 1  
  121  15:06  Marine  
  122  15:14  Planetary Fortress  
  122  15:15  Missile Turret  
  122  15:18  Refinery  
  122  15:21  Refinery  
  122  15:25  Supply Depot  
  122  15:27  SCV  
  123  15:35  Stimpack  
  122  15:36  Barracks Tech Lab  
  122  15:39  SCV  
  122  15:41  Marauder  
  125  15:45  Barracks Tech Lab  
  116  15:50  Supply Depot  
  109  16:02  Marauder  
  111  16:10  SCV  
  112  16:13  Terran Vehicle And Ship Armor Level 1  
  112  16:16  Armory  
  112  16:17  SCV  
  113  16:22  SCV  
  113  16:24  Marauder  
  116  16:34  SCV  
  117  16:45  Marauder  
  117  16:46  SCV  
  117  16:52  Marine  
  117  16:53  Marauder  
  120  16:55  Medivac  
  120  16:56  Starport Tech Lab  
  120  16:58  SCV  
  123  17:06  Marine  
  124  17:10  SCV  
  124  17:11  Marauder  
  124  17:14  Marine  
  124  17:24  Marine  
  124  17:25  Medivac  
  127  17:32  Marine, Marauder  
  130  17:42  Marauder  
  132  17:49  Marine  
  133  17:54  Marauder  
  107  18:27  Marine x2, Marauder  
  89  18:30  SCV  
  91  18:35  Terran Infantry Armor Level 1  
  91  18:42  SCV  
  91  18:45  Marine, Marauder, Terran Vehicle Weapons Level 1  
  91  18:48  Terran Vehicle And Ship Armor Level 2  
  95  18:49  Marauder  
  95  18:52  Siege Tank  
  91  19:02  Marine  
  91  19:06  Marauder, SCV  
  93  19:10  Marine  
  92  19:18  SCV  
  92  19:21  Marauder  
  92  19:22  Banshee x2  
  92  19:24  Siege Tank  
  92  19:27  Marine  
  92  19:28  Marauder  
  95  19:39  Hi-Sec Auto Tracking  
  95  19:42  Marine  
  98  19:46  Marauder  
  98  19:49  Marine  
  96  20:00  Marauder  
  96  20:05  Banshee x2  
  96  20:06  Marine  
  104  20:07  Marauder  
  106  20:21  Marine  
  105  20:25  Marine  
  106  20:29  Marauder  
  105  20:39  Marine  
  99  20:43  Marauder, SCV  
  99  20:49  Marine  
  102  20:52  SCV  
  102  20:55  SCV  
  105  20:57  Marauder  
  107  21:04  Marine  
  107  21:08  Marauder  
  110  21:18  Marine  
  106  21:22  Marine  
  103  21:31  Marine  
  104  21:36  Marine  
  105  21:40  Marauder  
  105  21:46  Siege Tank  
  110  21:48  Marine, Medivac  
  115  21:54  Marauder  
  115  22:01  Marine  
  115  22:07  Marauder  
  118  22:15  Marine  
  119  22:16  Command Center  
  119  22:18  Siege Tank  
  119  22:20  Marauder  
  124  22:25  Orbital Command  
  124  22:28  Marine  
  125  22:33  Marauder  
  127  22:40  Marine  
  128  22:46  Marauder  
  128  22:48  SCV  
  128  22:50  Siege Tank  
  134  22:54  Marine  
  135  22:59  Marauder  
  135  23:01  SCV  
  138  23:06  SCV  
  138  23:07  Marine  
  142  23:12  Marauder  
  142  23:13  SCV  
  142  23:18  SCV  
  142  23:19  Terran Vehicle Weapons Level 2  
  144  23:20  Marine  
  144  23:21  SCV  
  144  23:22  Siege Tank  
  149  23:28  Marauder  
  149  23:30  SCV  
  149  23:33  Marine, SCV  
  154  23:38  Marauder  
  154  23:40  Supply Depot  
  156  23:43  SCV  
  157  23:49  Marine  
  157  23:52  Marauder  
  157  23:59  Marine, SCV  
  148  24:07  Marauder  
  150  24:11  SCV  
  150  24:12  Marine  
  152  24:18  Marauder  
  145  24:28  Marine  
  145  24:31  Marauder  
  135  24:38  Marine  
  135  24:39  Siege Tank  
  137  24:46  Marauder  
  137  24:52  Marine  
  135  24:57  Marauder  
  137  25:07  Marine  
  137  25:10  Marauder  
  137  25:11  Siege Tank  
  137  25:18  Marine  
  122  25:26  Marauder  
  124  25:31  Marine  
  124  25:32  Missile Turret  
  124  25:35  Missile Turret  
  125  25:36  Marauder  
  125  25:37  SCV  
  128  25:43  Thor  
  128  25:46  Marine  
  128  25:49  Marauder  
  137  25:52  Missile Turret  
  137  25:53  SCV  
  137  25:54  Refinery  
  137  25:55  Refinery, Missile Turret  
  138  25:57  Marine  
  139  26:04  Marine  
  139  26:10  Marine  
  141  26:11  Medivac  
  141  26:12  Missile Turret, Medivac  
  141  26:15  Marine  
  145  26:24  Marauder  
  132  26:28  Marine  
  133  26:59  Missile Turret  
  133  27:19  Missile Turret  
  133  27:22  Planetary Fortress  
  133  27:36  Supply Depot  
  133  27:43  Supply Depot  
  133  27:57  Marine x2, Banshee, SCV  
  133  27:58  Marauder  
  141  27:59  Supply Depot  
  141  28:04  Banshee, SCV  
  145  28:09  SCV  
  145  28:15  Marine x2  
  145  28:18  Marine  
  148  28:21  SCV, Thor  
  153  28:33  Marine, Marauder  
  147  28:37  Marauder  
  147  28:40  Medivac  
  146  28:47  Viking  
  145  28:51  Marauder  
  145  28:54  Marine  
  141  28:58  Marine  
  142  29:03  Thor  
  148  29:12  Marine  
  148  29:13  Supply Depot x2  
  148  29:15  Missile Turret  
  149  29:31  Refinery  
  149  29:33  Refinery  
  149  29:34  Marine x3, Viking x2, SCV  
  149  29:36  Missile Turret x2  
  149  29:38  Missile Turret  
  157  29:39  SCV  
  157  29:42  SCV  
  159  29:46  SCV  
  159  29:52  Marine x3  
  163  29:55  SCV  
  161  30:04  Viking, Medivac  
  165  30:33  Command Center  
  165  30:44  Marine x2, Thor  
  165  30:45  Marauder  
  175  30:59  Terran Vehicle Weapons Level 3  
  175  31:00  Terran Infantry Weapons Level 2  
  175  31:02  Marine x2  
  177  31:06  Marine  
  178  31:20  Marine  
  178  31:21  Marauder  
  181  31:44  Marine x3, Thor  
  190  32:02  Marine x2  
  190  32:03  Marauder  
  194  32:18  Engineering Bay  
  194  32:22  Marine  
  195  32:28  Marine  
  196  32:31  Missile Turret  
  196  32:44  Marauder x2, Engineering Bay  
  174  32:52  Missile Turret  
  155  33:16  Viking  
  155  33:17  Viking  
  159  33:33  Missile Turret  
  159  33:35  Missile Turret  
  159  33:38  Marine x2, Marauder  
  163  33:46  Viking  
  163  33:47  Viking  
  167  33:53  Missile Turret  
  167  33:55  Missile Turret  
  167  33:56  Marine, Marauder  
  167  34:00  Marauder  
  169  34:13  Missile Turret  
  169  34:14  Marine  
  169  34:16  Viking  
  169  34:17  Viking, Marauder  
  158  34:20  Marine  
  130  34:32  Marauder  
  119  34:38  Marine  
  119  34:39  Marauder  
  101  34:46  Viking x2  
  101  34:53  Marine  
  101  34:56  Marauder  
  85  35:00  Marine  
  79  35:11  Marine  
  80  35:16  Viking x2  
  80  35:17  Marine x2  
  84  35:29  Marauder  
  84  35:35  Marine  
  83  35:36  Marauder  
  68  35:46  Viking x2  
  68  35:50  Marine  
  68  35:53  Marine  
  70  35:57  Marauder  
  62  36:08  Marine  
  62  36:11  Marine  
  51  36:16  Viking x2  
  51  36:18  Marine  
  55  36:25  Marine  
  55  36:29  Marauder  
  49  36:36  Marine  
  50  36:43  Marine  
  54  36:50  Marine  
Tags
 
Add a new tag
Caveats
  • Supply blocks, unpowered buildings, or Contaminate may cause inaccurate times.
  • Supply counts are checked every 10 seconds.